 Dungeon Crawl Stone Soup version 0.29.1-1-gd02db6906a (webtiles) character file.

Game seed: 4397545125313207757

27 LustLizard the Shooter (level 2, -2/15 HPs)
             Began as a Spriggan Hunter on Oct 12, 2022.
             Slain by a worm (11 damage)
             ... on level 2 of the Dungeon.
             The game lasted 00:01:08 (979 turns).

LustLizard the Shooter (Spriggan Hunter)             Turns: 979, Time: 00:01:08

Health: -2/15      AC:  2    Str:  7    XL:     2   Next: 93%
Magic:  3/3        EV: 18    Int: 10    God:
Gold:   73         SH:  0    Dex: 18    Spells: 1/1 levels left

rFire   . . .      SeeInvis +   a - +0 shortbow
rCold   . . .      Faith    .   (shield currently unavailable)
rNeg    . . .      Spirit   .   c - +0 robe
rPois   .          Reflect  .   (helmet restricted)
rElec   .          Harm     .   (no cloak)
rCorr   .          Rampage  .   (gloves unavailable)
Will    .....                   (boots unavailable)
Stlth   ++........              (no amulet)
HPRegen 0.05/turn               (no ring)
MPRegen 0.08/turn               (no ring)

@: lethally poisoned (-2 -> -4), very quick
A: very small, no large weapons, unfitting armour, see invisible, speed 3
a: no special abilities


You were on level 2 of the Dungeon.
You visited 1 branch of the dungeon, and saw 2 of its levels.

You collected 73 gold pieces.

Inventory:

Hand Weapons
 a - a +0 shortbow (weapon)
Armour
 c - a +0 robe (worn)
Scrolls
 b - a scroll of immolation
 d - 2 scrolls of teleportation {unknown}
 f - 2 scrolls of fear {unknown}
 i - a scroll of enchant armour {unknown}
 j - 2 scrolls of fog {unknown}
 m - a scroll of noise {unknown}
Potions
 e - a potion of mutation {unknown}
 g - 2 potions of heal wounds {unknown}
 h - a potion of cancellation {unknown}
 k - a potion of ambrosia {unknown}
 l - a potion of invisibility {unknown}


   Skills:
 + Level 1.8 Fighting
 * Level 4.3 Ranged Weapons
 + Level 3.1 Dodging
 * Level 3.0 Stealth


You had one spell level left.
You didn't know any spells.
Your spell library was empty.

Dungeon Overview and Level Annotations

Branches:
Dungeon (2/15)

Altars:


Innate Abilities, Weirdness & Mutations

You are very small and have problems with some larger weapons.
You are too small for most types of armour.
You have supernaturally acute eyesight. (SInv)
You cover ground extremely quickly. (Speed+++)


Message History

A rat comes into view.
A rat is nearby!
You shoot an arrow. The arrow hits the rat!
You kill the rat!
No target in view!
m - a scroll labelled JEOTHR PAKIGO You see here a rat corpse.
A goblin comes into view. It is wielding a +0 dagger.
A goblin is nearby!
You shoot an arrow. The arrow hits the goblin!
You kill the goblin!
Your Stealth skill increases to level 3!
No target in view!
No target in view!
Found 8 stones.
A worm comes into view.
You shoot an arrow. The arrow hits the worm!
The worm is heavily wounded.
An adder comes into view.
You shoot an arrow. The arrow barely misses the adder.
The arrow hits the worm.
The worm is severely wounded.
You shoot an arrow. The arrow hits the adder.
The adder is heavily wounded.
You shoot an arrow. The arrow misses the adder.
You shoot an arrow. The arrow barely misses the adder.
The adder closely misses you. The adder completely misses you.
You shoot an arrow. The arrow misses the adder.
The adder bites you.
You are poisoned.
The adder poisons you!
You shoot an arrow. The arrow barely misses the adder.
The arrow hits the worm.
The worm is heavily wounded.
You feel sick. The adder barely misses you. The adder misses you.
You shoot an arrow. The arrow barely misses the adder.
The arrow hits the worm.
The worm is heavily wounded.
You feel sick. The adder barely misses you. x2
You shoot an arrow. The arrow hits the worm.
The worm is severely wounded.
You feel sick. The adder barely misses you. The worm bites you!
Ouch! That really hurt!
You die...

#... ....# #..#
#.#.####### #(.#
#(#.##....
#..####........
#..#.......... .
#....#..#.##.# #.#
#Sw#..[.#>##.###.#
#@.##.#..........#
#..##.#...##.##.#.
#######.........##.#.###
#.)......##.#..###..## #
#.##.##..##..........###
#.##.##..####..###.##.#.
.........####..###.##..#
..##.##†###........##..#
..##.##...#.###........#


You could see a worm and an adder.

Vanquished Creatures
  A dart slug (D:1)
  7 endoplasms
  3 goblins
  A hobgoblin (D:1)
  A kobold (D:1)
  A quokka (D:1)
  3 ball pythons
  2 bats
  A rat (D:2)
20 creatures vanquished.

Notes
Turn   | Place    | Note
-------+----------+-------------------------------------------
     0 | D:1      | LustLizard the Spriggan Hunter began the quest for the Orb.
     0 | D:1      | Reached XP level 1. HP: 10/10 MP: 2/2
   211 | D:1      | Reached XP level 2. HP: 4/15 MP: 3/3
   979 | D:2      | Slain by a worm

Illustrated notes

Levels and vault maps discovered:
D:1:      saegor_arrival_simple_e, layout_loops_cross
D:2:      layout_loops_ring, ebering_ecumenical_altar_hall, uniq_robin,
          uniq_jessica

Skill      XL: |  1  2 |
---------------+-------+-----
Stealth        | 2 3 |  3.0
Dodging        | 3 |  3.1
Fighting       | |  1.8
Ranged Weapons | |  4.3

Action                   || total
-------------------------++-------
 Fire: Shortbow          ||    51
Armor: Robe              ||     3
Dodge: Dodged            ||    13
